 Dungeon Crawl Stone Soup version 0.20-a0-454-g2b43fbb (console) character file.

10768 nht the Brawler (level 11, -19/101 HPs)
             Began as a Troll Berserker on Jan 8, 2017.
             Was a High Priest of Trog.
             Hit by a large rock thrown by a cyclops (34 damage)
             ... on level 11 of the Dungeon.
             The game lasted 00:13:16 (8193 turns).

nht the Brawler (Troll Berserker)                   Turns: 8193, Time: 00:13:17

Health: -19/101    AC:  7    Str: 28    XL:     11   Next: 40%
Magic:  10/10      EV: 10    Int:  5    God:    Trog [*****.]
Gold:   39         SH:  0    Dex:  9    Spells: 10/10 levels left

rFire  . . .     SeeInvis .       - Unarmed
rCold  . . .     Gourm    +     y - +1 robe {MR+}
rNeg   . . .     Faith    .     (no shield)
rPois  .         Spirit   .     (helmet restricted)
rElec  .         Reflect  .     B - +0 cloak
rCorr  .         Harm     .     (gloves unavailable)
MR     ++...                    (boots unavailable)
Stlth  ++........               x - amulet of regeneration
                                c - ring of protection from magic
                                G - ring of stealth

@: no status effects
A: unfitting armour, claws 3, fast metabolism 3, gourmand, regeneration 1,
shaggy fur 1, tough skin 2
a: Berserk, Trog's Hand, Brothers in Arms, Burn Spellbooks, Renounce Religion


You were on level 11 of the Dungeon.
You worshipped Trog.
Trog was extremely pleased with you.
You were completely stuffed.

You visited 1 branch of the dungeon, and saw 11 of its levels.

You collected 421 gold pieces.
You spent 382 gold pieces at shops.

Inventory:

Hand Weapons
 C - the +6 great sword of Wienel {slice, +Inv, unknown}
   (Trog gifted it to you on level 9 of the Dungeon)

   It inflicts extra damage upon your enemies.
   It lets you turn invisible.
Missiles
 D - 11 tomahawks
 M - 7 javelins
 P - 4 poisoned javelins (quivered)
Armour
 y - a +1 robe of magic resistance (worn)
 B - a +0 cloak (worn)
Jewellery
 c - a ring of protection from magic (right claw)
 r - an uncursed ring of positive energy
 x - an amulet of regeneration (around neck)
 G - a ring of stealth (left claw)
 N - an uncursed ring of ice
Wands
 k - a wand of paralysis (12/24)
 m - a wand of iceblast (10/15)
 A - a wand of random effects (5/48)
 E - a wand of flame (25/48)
 F - a wand of confusion (29/48)
 H - a wand of lightning (8/15)
Scrolls
 a - a scroll of noise {unknown}
 e - 3 scrolls of remove curse
 f - 4 scrolls of fog {unknown}
 i - a scroll of fear
 l - 5 scrolls of teleportation
 o - 3 scrolls of blinking {unknown}
 v - a scroll of recharging {unknown}
 O - a scroll of magic mapping {unknown}
Potions
 d - a potion of heal wounds
 n - 3 potions of might
 q - 2 potions of invisibility
 s - 3 potions of curing
 t - 2 potions of haste {unknown}
 u - a potion of flight
 w - 2 potions of ambrosia {unknown}
 z - 3 potions of brilliance {unknown}
 I - a potion of lignification
 J - a potion of resistance {unknown}
 K - a potion of cancellation
 L - a potion of agility {unknown}
Comestibles
 b - 7 bread rations
 g - 19 chunks of flesh
 h - 5 fruits
 j - 5 meat rations
 p - 4 beef jerkies


   Skills:
 + Level 4.9 Fighting
 + Level 6.6 Throwing
 - Level 2.4 Dodging
 * Level 15.2 Unarmed Combat


You had 10 spell levels left.
You didn't know any spells.

Dungeon Overview and Level Annotations

Branches:
Dungeon (11/15)            Temple (0/1) D:6
   Lair: D:8-11         Orc: D:9-12

Altars:
Ashenzari
Cheibriados
Elyvilon
Makhleb
Okawaru
Qazlal
Ru
Sif Muna
Trog
Vehumet
Yredelemnul
Zin

Shops:
D:5 [   D:6 ?*[   D:10 }


Innate Abilities, Weirdness & Mutations

You are too large for most types of armour.
You have claws for hands.
Your metabolism is lightning-fast.
You like to eat raw meat.
Your natural rate of healing is unusually fast.
You are covered in fur. (AC +1)
You have very tough skin. (AC +2)


Message History

Okay, then.
Okay, then.
Quiver which item? (- for none, * to show all) (? for menu, Esc to quit)
Quivering
P - 6 poisoned javelins for throwing.
Throwing (i - inventory. (,) - cycle):
P - 6 poisoned javelins (quivered)
Press: ? - help, Shift-Dir - straight line, f - cyclops
Aim: a cyclops You throw a poisoned javelin.
The poisoned javelin hits the cyclops.
The cyclops is poisoned.
The cyclops is lightly wounded.
The cyclops throws a large rock.
The large rock hits you!!
* * * LOW HITPOINT WARNING * * *
A porcupine comes into view.
Throwing (i - inventory. (,) - cycle):
P - 5 poisoned javelins (quivered)
Press: ? - help, Shift-Dir - straight line, f/p - cyclops
Aim: a cyclops (lightly wounded, poisoned)
You throw a poisoned javelin. The poisoned javelin hits the cyclops!!
The cyclops is heavily wounded.
The cyclops throws a large rock.
The large rock hits you!!
You die...

.......).......(..█
...███+██......████
.. █......█ .....
█......█ ......
█......█
......██████......█
..................█
...........(......█
............@()[..█
.......r.....)((..█
?.......(.........█
████████....(.......█
█.....%█...█+██████.█
█......█...█ █.█
█......█C..█ █.█
█.C...██...█ █.█
█....(█....█ █.█


You could see a cyclops and a porcupine.

Vanquished Creatures
  Fannar (D:10)
  A two-headed ogre (D:11)
  Urug (D:10)
  Pikel (D:7)
  A troll (D:9)
  A hippogriff (D:10)
  11 yaks (D:10)
  A vampire (D:9)
  2 humans (D:7)
  3 orc warriors
  4 ice beasts
  A slave (D:7)
  2 black bears (D:7)
  A necrophage (D:9)
  6 ogres
  2 sky beasts (D:5)
  3 phantoms
  9 centaurs
  2 crocodiles
  2 big kobolds
  5 bullfrogs
  3 scorpions
  A water moccasin skeleton (D:9)
  27 killer bees
  3 howler monkeys
  6 crimson imps
  Crazy Yiuf (D:7)
  2 jellies
  9 orc priests
  2 centaur skeletons (D:6)
  2 hounds (D:4)
  6 orc wizards
  A bullfrog skeleton (D:10)
  Terence (D:3)
  Natasha (thrice) (D:2 D:3)
  3 worker ants
  2 worker ant zombies
  A howler monkey zombie (D:10)
  7 gnolls
  8 adders
  A shadow imp (D:10)
  An ooze (D:4)
  An adder zombie (D:5)
  3 worms
  A dart slug (D:3)
  7 leopard geckos
  26 orcs
  4 bats
  9 giant cockroaches
  10 goblins
  8 hobgoblins
  11 jackals
  18 kobolds
  4 quokkas
  4 ball pythons
  15 frilled lizards
  A leopard gecko skeleton (D:6)
  A quokka skeleton (D:6)
  8 rats
  A fungus (D:7)
282 creatures vanquished.

Vanquished Creatures (others)
  A quokka (D:7)
  2 fungi (D:11)
  3 plants (D:11)
6 creatures vanquished.

Grand Total: 288 creatures vanquished

Notes
Turn   | Place    | Note
-------+----------+-------------------------------------------
     0 | D:1      | nht the Troll Berserker began the quest for the Orb.
     0 | D:1      | Reached XP level 1. HP: 22/22 MP: 0/0
   170 | D:1      | Reached XP level 2. HP: 29/29 MP: 1/1
   440 | D:1      | Reached skill level 4 in Unarmed Combat
   691 | D:1      | Reached XP level 3. HP: 36/36 MP: 2/2
  1010 | D:2      | Reached ** piety under Trog
  1180 | D:2      | Noticed Natasha
  1186 | D:2      | Killed Natasha
  1186 | D:2      | Reached skill level 5 in Unarmed Combat
  1186 | D:2      | Reached XP level 4. HP: 35/44 MP: 3/3
  1307 | D:2      | Found a sacrificial altar of Ru.
  1730 | D:3      | Noticed Terence
  1737 | D:3      | Killed Terence
  1766 | D:3      | Reached *** piety under Trog
  1771 | D:3      | Found a snail-covered altar of Cheibriados.
  1779 | D:3      | Noticed Natasha
  1784 | D:3      | Killed Natasha
  1784 | D:3      | Reached XP level 5. HP: 48/50 MP: 4/4
  1843 | D:3      | Noticed Natasha
  1853 | D:3      | Killed Natasha
  1853 | D:3      | Reached skill level 6 in Unarmed Combat
  1975 | D:3      | Found a faded altar of an unknown god.
  2290 | D:4      | Reached XP level 6. HP: 59/59 MP: 5/5
  2298 | D:4      | Reached skill level 7 in Unarmed Combat
  2691 | D:4      | Reached **** piety under Trog
  2926 | D:4      | Reached skill level 8 in Unarmed Combat
  2940 | D:5      | Entered Level 5 of the Dungeon
  2950 | D:5      | Reached XP level 7. HP: 66/66 MP: 6/6
  3005 | D:5      | Found Zeni's Armour Emporium.
  3021 | D:5      | Bought a +1 robe of magic resistance for 190 gold pieces
  3180 | D:5      | Reached skill level 9 in Unarmed Combat
  3346 | D:5      | Reached XP level 8. HP: 57/74 MP: 7/7
  3431 | D:5      | Reached skill level 10 in Unarmed Combat
  3620 | D:6      | Found a radiant altar of Vehumet.
  3744 | D:6      | Found a staircase to the Ecumenical Temple.
  3760 | D:6      | Found a glowing silver altar of Zin.
  3821 | D:6      | Found Zotunkitz's Magic Scroll Shoppe.
  3827 | D:6      | Bought a scroll of identify for 26 gold pieces
  3827 | D:6      | Bought a scroll of fear for 45 gold pieces
  3878 | D:6      | Found Neisuhee's Assorted Antiques.
  3946 | D:6      | Reached skill level 11 in Unarmed Combat
  4004 | D:6      | Found Hagaiqan's Armour Emporium.
  4465 | D:6      | Bought a scroll of identify for 26 gold pieces
  4513 | D:7      | Reached XP level 9. HP: 48/80 MP: 8/8
  4667 | D:7      | Reached skill level 1 in Throwing
  4667 | D:7      | Reached skill level 12 in Unarmed Combat
  4668 | D:7      | Found a bloodstained altar of Trog.
  4759 | D:7      | Found a stormy altar of Qazlal.
  4982 | D:7      | Found a white marble altar of Elyvilon.
  4989 | D:7      | Reached ***** piety under Trog
  4993 | D:7      | Noticed Pikel
  4999 | D:7      | Killed Pikel
  5217 | D:7      | Reached skill level 13 in Unarmed Combat
  5219 | D:7      | Found an iron altar of Okawaru.
  5386 | D:7      | Found a runed door.
  5390 | D:7      | Noticed Crazy Yiuf
  5393 | D:7      | Killed Crazy Yiuf
  5438 | D:8      | Found a shattered altar of Ashenzari.
  5541 | D:8      | Found a burning altar of Makhleb.
  5694 | D:8      | Found an iron altar of Okawaru.
  5763 | D:8      | Reached XP level 10. HP: 88/88 MP: 9/9
  6104 | D:9      | Received a gift from Trog
  6105 | D:9      | Got a transparent great sword {god gift}
  6297 | D:9      | Reached skill level 14 in Unarmed Combat
  6364 | D:9      | Found a deep blue altar of Sif Muna.
  6582 | D:9      | Found a basalt altar of Yredelemnul.
  6677 | D:10     | Entered Level 10 of the Dungeon
  6686 | D:10     | Reached skill level 5 in Throwing
  6713 | D:10     | Found Xetrycs's Gadget Boutique.
  7126 | D:10     | Noticed Urug
  7138 | D:10     | Killed Urug
  7394 | D:10     | Reached XP level 11. HP: 100/100 MP: 10/10
  7483 | D:10     | Noticed Fannar
  7502 | D:10     | Killed Fannar
  7664 | D:10     | Reached skill level 15 in Unarmed Combat
  7825 | D:6      | Bought a scroll of identify for 66 gold pieces
  7825 | D:6      | Bought a red potion for 29 gold pieces
  7909 | D:11     | Noticed a two-headed ogre
  7924 | D:11     | Killed a two-headed ogre
  7930 | D:11     | Noticed a red ugly thing
  7933 | D:11     | Received a gift from Trog
  8193 | D:11     | Hit by a large rock thrown by a cyclops

Vault maps used:
D:1:      matt_arrival_los_fun, serial_curves, eino_curves_04, eino_curves_01,
          eino_curves_02, eino_curves_03, hangedman_decor_push, glass_columns_a,
          st_stairs_6
D:2:      nicolae_overflow_hidden_temple, first_bread, uniq_natasha
D:3:      nicolae_overflow_crystal_walls,
          chequers_ecumenical_altar_simple_redux, minmay_lizard_king,
          uniq_terence
D:5:      serial_shops, shop, kennysheep_generic_room_4
D:6:      kennysheep_little_box, zin_scriptorium, serial_shops, shop_statue,
          shop, nicolae_shop_stone
D:7:      elyvilon_altar_4, trog_ov_bears_minmay, lemuel_doored_altar,
          okawaru_humans, uniq_pikel, uniq_crazy_yiuf_cottage
D:8:      lemuel_crystal_altar, lemuel_round_altar, old_standard_altar
D:9:      kennysheep_mini, led_sif_book
D:10:     serial_shops, shop_fountains, uniq_urug, uniq_fannar
D:11:     grunt_lair_entry_orc_guard_hut, the_bakery,
          kennysheep_opposing_triangles, uniq_sonja

Skill      XL: |  1  2  3  4  5  6  7  8  9 10 11 |
---------------+----------------------------------+-----
Unarmed Combat | 4 5 6 8 9 11 13 14 15 | 15.2
Throwing       | 4 5 6 |  6.6
Fighting       | 4 |  4.9
Dodging        | |  2.4

Action                   |  1- 3 |  4- 6 |  7- 9 | 10-12 || total
-------------------------+-------+-------+-------+-------++-------
Melee: Unarmed           |    76 |   204 |   243 |   243 ||   766
       Punch             |     1 |     4 |    13 |    13 ||    31
Throw: Javelin           |       |       |       |     2 ||     2
Invok: Berserk           |       |     1 |     3 |     9 ||    13
       Burn Spellbooks   |       |       |     3 |       ||     3
       Trog's Hand       |       |       |       |     1 ||     1
Evoke: Wand              |       |       |       |    11 ||    11
  Use: Scroll            |       |       |     9 |     6 ||    15
 Stab: Sleeping          |     1 |       |     1 |     3 ||     5
  Eat: Chunk             |    16 |    17 |    29 |    31 ||    93
Armor: Animal skin       |    21 |    57 |     3 |       ||    81
       Robe              |       |       |    53 |    53 ||   106
Dodge: Dodged            |    35 |   102 |    81 |    94 ||   312
